 Dungeon Crawl Stone Soup version 0.31.0-9-g3a7656b989 (webtiles) character file.

Game seed: 3179704976083001496

225 qw the Skirmisher (level 5, -6/30 HPs)
             Began as a Deep Elf Hunter on Feb 2, 2024.
             Mangled by Menkaure (19 damage)
             ... on level 4 of the Dungeon.
             The game lasted 00:00:13 (3242 turns).

qw the Skirmisher (Deep Elf Hunter)                 Turns: 3242, Time: 00:00:13

Health: -6/30      AC:  6    Str: 10    XL:     5   Next: 68%
Magic:  7/7        EV: 11    Int: 14    God:
Gold:   179        SH:  0    Dex: 18    Spells: 4/4 levels left

rFire   + . .        a - +0 shortbow
rCold   . . .        (shield currently unavailable)
rNeg    . . .        e - +0 ring mail
rPois   .            (no helmet)
rElec   .            b - +0 cloak
rCorr   .            (no gloves)
SInv    .            (no boots)
Will    .....        (no amulet)
Stlth   +            f - ring of protection from fire
HPRegen 0.25/turn    (no ring)
MPRegen 0.10/turn

%: no passive effects
@: no status effects
A: no striking features
a: no special abilities


You were on level 4 of the Dungeon.
You visited 1 branch of the dungeon, and saw 4 of its levels.

You collected 179 gold pieces.


   Skills:
 + Level 1.7 Fighting
 - Level 9.1 Ranged Weapons
 - Level 2.4 Dodging
 - Level 1.2 Stealth


You had 4 spell levels left.
You didn't know any spells.
Your spell library was empty.

Inventory:

Hand Weapons
 a - a +0 shortbow (weapon)
Armour
 b - a +0 cloak (worn)
 e - a +0 ring mail (worn)
Jewellery
 f - a ring of protection from fire (left hand)
Wands
 n - a wand of charming (4)
Scrolls
 g - a scroll of amnesia {unknown}
 h - a scroll of revelation {unknown}
 i - 2 scrolls of identify
 l - a scroll of fear {unknown}
 m - a scroll of enchant armour {unknown}
Potions
 c - a potion of degeneration {unknown}
 d - a potion of resistance
 j - a potion of cancellation
 k - a potion of curing {unknown}

Dungeon Overview and Level Annotations

Branches:
Dungeon (4/15)
 Temple: D:4-7

Altars:

Annotations:
D:4 Menkaure


Message History

You shoot an arrow. The arrow hits the kobold.
The kobold shouts!
The kobold is moderately wounded.
You shoot an arrow. The arrow hits the kobold!
You kill the kobold!
Menkaure, Prince of Dust comes into view.
Menkaure shouts!
Menkaure calls on the powers of darkness!
Your body is wracked with pain!
3220 ||| FLEEEEING.
You start resting.
Menkaure is nearby!
3222 ||| FLEEEEING.
3223 ||| FLEEEEING.
3224 ||| FLEEEEING.
3225 ||| FLEEEEING.
You start resting.
Menkaure is nearby!
You shoot an arrow.
The arrow hits Menkaure but does no damage.
Menkaure hums, "Let me perform the rites..."
Menkaure casts a spell.
Menkaure seems to speed up.
You shoot an arrow. The arrow hits Menkaure.
Menkaure is lightly damaged.
You shoot an arrow. The arrow barely misses Menkaure.
Menkaure barely misses you.
You shoot an arrow. The arrow barely misses Menkaure.
Menkaure misses you.
You shoot an arrow. The arrow hits Menkaure.
Menkaure is lightly damaged.
Menkaure barely misses you.
You shoot an arrow. The arrow barely misses Menkaure.
Menkaure barely misses you. Menkaure hits you!
You shoot an arrow.
The arrow hits Menkaure but does no damage.
Menkaure is lightly damaged.
Menkaure hits you!!
Ouch! That really hurt!
You die...

#.#..'.'..#.#..#.#.#.##)...##...
#.#..#.#..#.#..#.#...##.###.#...
+#.##'#.##'#%##%#.#...........##.
..................#.####.###.....
+#.##+#.##'#.##)#.#....#.# #..###
.#.#..#.#..#.#..#.#......# #..#
.'.'.[#.#..'.'..#.#.##.#####..#
##.####.####.####.#.#.........#
................@.#.#.........#
#################M#....##########
...................#......#
.#.....#.........#.#.####.#
.........####.####.#.# #.#
...#...######........# #.#
....M.>.........##.######.#
.....#.########.#......##.#
###..#. #.######.##.#


You could see Menkaure (fast).

Vanquished Creatures
  A wight (D:4)
  An iguana (D:4)
  3 gnolls
  6 adders
  A dart slug (D:1)
  A ribbon worm (D:3)
  An orc (D:4)
  4 ball pythons
  5 bats
  4 endoplasms
  A giant cockroach (D:4)
  3 hobgoblins
  4 jackals
  7 kobolds
  3 quokkas
  2 frilled lizards (D:1)
  5 goblins
  6 rats
58 creatures vanquished.

Notes
Turn   | Place    | Note
-------+----------+-------------------------------------------
     0 | D:1      | qw the Deep Elf Hunter began the quest for the Orb.
     0 | D:1      | Reached XP level 1. HP: 12/12 MP: 3/3
     0 | D:1      | 0 ||| qw: Version: 0.3-a-155-g5e7d8dd
     0 | D:1      | 0 ||| qw: Game counter: 2185
     0 | D:1      | 0 ||| qw: Melee chars always use a shield: true
     0 | D:1      | 0 ||| qw: God list: Okawaru
     0 | D:1      | 0 ||| qw: Allow faded altars: false
     0 | D:1      | 0 ||| qw: Do Orc after clearing Dungeon:15 true
     0 | D:1      | 0 ||| qw: Do second Lair branch before Depths: true
     0 | D:1      | 0 ||| qw: Lair rune preference: random
     0 | D:1      | 0 ||| qw: Goals: Normal
     0 | D:1      | 0 ||| PLANNING D:1-11
    91 | D:1      | Reached skill level 6 in Ranged Weapons
    91 | D:1      | Reached XP level 2. HP: 16/16 MP: 4/4
   380 | D:1      | 380 ||| UPGRADING to ring of protection from fire.
   381 | D:1      | 381 ||| READING 2 scrolls labelled QEOMNUIZUVU.
   381 | D:1      | 381 ||| IDENTIFYING metallic coppery potion
   382 | D:1      | 382 ||| READING scroll of identify.
   382 | D:1      | 382 ||| IDENTIFYING scroll labelled GOBIYGGEURO
   383 | D:1      | 383 ||| DROPPING scroll of butterflies.
   384 | D:1      | 384 ||| DROPPING scroll of noise.
   410 | D:2      | 410 ||| STAIRDANCE
   449 | D:2      | 449 ||| RETREEEEATING.
   457 | D:2      | Reached XP level 3. HP: 19/20 MP: 5/5
   465 | D:2      | Reached skill level 7 in Ranged Weapons
   991 | D:2      | 991 ||| UPGRADING to +0 cloak.
   996 | D:2      | 996 ||| READING scroll of identify.
   996 | D:2      | 996 ||| IDENTIFYING bubbling yellow potion
   997 | D:2      | 997 ||| READING scroll labelled HIAGHU VEOHAO.
   998 | D:2      | 998 ||| READING scroll labelled DARRUFOMIO.
  1014 | D:3      | 1014 ||| STAIRDANCE
  1157 | D:3      | Found a faded altar of an unknown god.
  1266 | D:3      | Reached XP level 4. HP: 25/25 MP: 6/6
  1543 | D:3      | Found the sphere of Battle
  1955 | D:3      | 1955 ||| UPGRADING to +0 ring mail.
  1965 | D:3      | 1965 ||| DROPPING +0 leather armour.
  1966 | D:3      | 1966 ||| DROPPING scarf of shadows.
  1967 | D:3      | 1967 ||| READING 2 scrolls of identify.
  1967 | D:3      | 1967 ||| IDENTIFYING fuming cyan potion
  2005 | D:4      | 2005 ||| STAIRDANCE
  2040 | D:4      | 2040 ||| STAIRDANCE
  2044 | D:3      | Reached skill level 8 in Ranged Weapons
  2064 | D:4      | 2064 ||| STAIRDANCE
  2114 | D:4      | 2114 ||| STAIRDANCE
  2145 | D:4      | 2145 ||| STAIRDANCE
  2211 | D:4      | 2211 ||| STAIRDANCE
  2277 | D:4      | 2277 ||| STAIRDANCE
  2309 | D:4      | 2309 ||| STAIRDANCE
  2362 | D:4      | 2362 ||| STAIRDANCE
  2397 | D:4      | 2397 ||| STAIRDANCE
  2417 | D:4      | 2417 ||| STAIRDANCE
  2433 | D:4      | 2433 ||| STAIRDANCE
  2463 | D:4      | 2463 ||| STAIRDANCE
  2504 | D:4      | 2504 ||| STAIRDANCE
  2564 | D:4      | 2564 ||| STAIRDANCE
  2600 | D:4      | 2600 ||| STAIRDANCE
  3005 | D:4      | Reached XP level 5. HP: 18/29 MP: 7/7
  3064 | D:4      | HP: 4/28 [wight/+0 scimitar (13)]
  3065 | D:4      | 3065 ||| DRINKING potion of heal wounds.
  3067 | D:4      | Reached skill level 9 in Ranged Weapons
  3219 | D:4      | Noticed Menkaure
  3220 | D:4      | 3220 ||| FLEEEEING.
  3222 | D:4      | 3222 ||| FLEEEEING.
  3223 | D:4      | 3223 ||| FLEEEEING.
  3224 | D:4      | 3224 ||| FLEEEEING.
  3225 | D:4      | 3225 ||| FLEEEEING.
  3242 | D:4      | Mangled by Menkaure

Levels and vault maps discovered:
D:1:      lightli_arrival_chessboard, layout_rooms
D:2:      layout_loops_cross
D:3:      layout_basic, shapermc_ecumenical_altar_gd, grunt_ministairs_8
D:4:      minmay_door_path, layout_basic, chequers_serial_rivers_micro_d,
          uniq_menkaure

Skill      XL: |  1  2  3  4  5 |
---------------+----------------+-----
Ranged Weapons | 6 7 8 9 |  9.1
Fighting       | |  1.7
Dodging        | |  2.4
Stealth        | |  1.2

Action                     |  1- 3 |  4- 6 || total
---------------------------+-------+-------++-------
   Fire: Shortbow          |   102 |   121 ||   223
    Use: Scroll            |     5 |     1 ||     6
         Potion            |       |     1 ||     1
 Armour: Leather armour    |    17 |       ||    17
         Ring mail         |       |    72 ||    72
  Dodge: Dodged            |    33 |    70 ||   103

Table legend:
 A = Non-vault XP
 B = Vault XP
 C = Vault XP percentage of total XP
 D = Non-vault monster count
 E = Vault monster count
 F = Vault count percentage of total count
                 A         B        C        D         E       F
            +---------+---------+-------+---------+---------+-------
      Total |     226 |      96 |  29.8 |      54 |       4 |   6.9
            +---------+---------+-------+---------+---------+-------
        D:1 |      32 |       0 |   0.0 |      17 |       0 |   0.0
        D:2 |      46 |       0 |   0.0 |      13 |       0 |   0.0
        D:3 |      58 |      15 |  20.5 |      14 |       2 |  12.5
        D:4 |      90 |      81 |  47.4 |      10 |       2 |  16.7
            +---------+---------+-------+---------+---------+-------
